 Dungeon Crawl Stone Soup version 0.28-a0-653-g7e9dba17c3 (webtiles) character file.

Game seed: 3854235322691773471

167 ytrimaz the Covert (level 5, -3/34 HPs)
             Began as an Octopode Brigand on Oct 11, 2021.
             Was a Follower of Ashenzari.
             Slain by a lemure (7 damage)
             ... led by Pikel
             ... on level 4 of the Dungeon.
             The game lasted 00:09:40 (3682 turns).

ytrimaz the Covert (Octopode Brigand)               Turns: 3682, Time: 00:09:41

Health: -3/34      AC:  1    Str: 10    XL:     5   Next: 48%
Magic:  5/5        EV: 12    Int: 13    God:    Ashenzari [*.....]
Gold:   80         SH:  4    Dex: 21    Spells: 4/4 levels left

rFire   . . .      SeeInvis .   a - +2 dagger
rCold   . . .      Faith    .   d - +0 buckler "Manifest Anxiety" {Evo, Comp} (curse)
rNeg    . . .      Spirit   .   (helmet restricted)
rPois   .          Reflect  .   (no amulet)
rElec   .          Harm     .   o - ring of the Mantic Urgency {Dex+6, Cun, Elem} (curse)
rCorr   .          Rampage  .   (no ring)
Will    .....                   (no ring)
Stlth   +++++.....              (no ring)
HPRegen 0.11/turn               (no ring)
MPRegen 0.09/turn               (no ring)
                                (no ring)
                                (no ring)

@: slowed, invisible, very slow
A: almost no armour, amphibious, 8 rings, camouflage 1, gelatinous body 1,
(nimble swimmer 1), tentacles
a: Renounce Religion, Shatter the Chains


You were on level 4 of the Dungeon.
You worshipped Ashenzari.
Ashenzari was aware of your devotion.
You visited 1 branch of the dungeon, and saw 4 of its levels.

You collected 134 gold pieces.
You spent 54 gold pieces at shops.

Inventory:

Hand Weapons
 a - a +2 dagger (weapon)
Missiles
 b - 23 poisoned darts (quivered)
 c - 2 curare-tipped darts
Armour
 d - the cursed +0 buckler "Manifest Anxiety" (worn) {Evo, Comp}
   (You found it on level 2 of the Dungeon)

   It has a curse which improves the following skills: Evocations: Evocations.
   Companions: Summonings and Necromancy.
Jewellery
 o - the cursed ring of the Mantic Urgency (left tentacle) {Dex+6, Cun, Elem}
   (You found it on level 3 of the Dungeon)

   [ring of dexterity]

   Dex:       It affects your dexterity (+6).
   It has a curse which improves the following skills: Cunning: Dodging and
   Stealth.
   Elements:  Fire Magic, Ice Magic, Air Magic and Earth Magic.
Wands
 l - a wand of acid (9)
 q - a wand of flame (13)
Scrolls
 i - 3 scrolls of enchant armour
 m - a scroll of silence
Potions
 e - 2 potions of brilliance
 p - 2 potions of mutation
 r - a potion of cancellation
 s - 2 potions of haste
 t - a potion of curing


   Skills:
 + Level 2.3 Fighting
 * Level 3.1 Short Blades
 + Level 2.4 Throwing
 - Level 1.0(1.6) Dodging
 * Level 8.0(9.1) Stealth


You had 4 spell levels left.
You didn't know any spells.
Your spell library contained the following spells:

 Spells                   Type           Power      Damage    Failure   Level
 Call Canine Familiar     Summ           0%         N/A       83%         3
 Portal Projectile        Hex/Tloc       0%         N/A       83%         3
 Leda's Liquefaction      Hex/Erth       0%         N/A       99%         4


Dungeon Overview and Level Annotations

Branches:
Dungeon (4/15)
 Temple: D:4-7

Altars:
Ashenzari

Shops:
D:4 *

Annotations:
D:4 Grinder, Pikel


Innate Abilities, Weirdness & Mutations

You cannot wear most types of armour.
You are amphibious.
You can wear up to eight rings at the same time.
Your skin changes colour to match your surroundings (Stealth+).
Your rubbery body absorbs attacks. (AC +1, EV +1)
((You are camouflaged near water. (Stealth+)))
You have tentacles for arms and can constrict up to eight enemies at once.


Message History

Natasha's front paws start to glow.
Natasha claws you.
You throw a poisoned dart. The poisoned dart hits Natasha.
Natasha looks even sicker.
Natasha is lightly wounded.
The lemure shouts!
Natasha mumbles some strange words.
You throw a poisoned dart. The poisoned dart hits Natasha.
Natasha looks even sicker.
Natasha is lightly wounded.
An endoplasm comes into view.
Natasha barely misses you.
The crimson imp blinks!
You throw a poisoned dart. The poisoned dart hits Natasha.
Natasha looks as sick as possible!
Natasha is lightly wounded.
The endoplasm quivers.
The crimson imp blinks!
Natasha casts a spell.
The lemure shouts!
Natasha stares at you and mumbles some strange words.
You feel yourself slow down.
The crimson imp grins evilly.
A phantom comes into view.
Pikel shouts!
You hit the lemure. Your grab misses the lemure. You squeeze the lemure.
The lemure is moderately wounded.
The crimson imp disappears in a puff of smoke!
You feel a bit more experienced.
An ogre comes into view. It is wielding a +0 giant spiked club.
The lemure hits you! You block the lemure's attack.
Your base Stealth skill increases to level 8!
As you read the scroll of fog, it crumbles to dust.
The scroll dissolves into smoke.
The lemure hits you!
* * * LOW HITPOINT WARNING * * *
The lemure closely misses you.
You fade into invisibility!
The lemure closely misses you. The lemure hits you.
* * * LOW HITPOINT WARNING * * *
The lemure hits you!
You die...

,*******,,,,,,**,J.............#*
,* **,,<,.####......(..)....# ,*
***,,....#..5)........... ,*
*,,,,.........(........ ,*
**,***#.....(.......... ,* *,*
*#.5.(........... ,* ***###,**
#............... ,*
*,,.....#####§.....$..,,,,*
,******,,....§5K@5§......#..,,,**
,,,,,,,,,.O.W.############******
*******,,...,,* * *,,.,,,,*
*,,,,,,,* *********


You could see Pikel and 2 lemures.

Vanquished Creatures
  2 lemures (D:4)
  An iguana (D:4)
  Natasha (D:4)
  5 adders
  3 worms
  4 dart slugs
  An orc (D:3)
  2 endoplasms
  3 giant cockroaches
  2 goblins
  7 hobgoblins
  6 jackals
  2 quokkas
  8 ball pythons
  2 frilled lizards
  3 kobolds
  6 rats
58 creatures vanquished.

Notes
Turn   | Place    | Note
-------+----------+-------------------------------------------
     0 | D:1      | ytrimaz the Octopode Brigand began the quest for the Orb.
     0 | D:1      | Reached XP level 1. HP: 14/14 MP: 1/1
   164 | D:1      | Found a faded altar of an unknown god.
   388 | D:1      | Reached XP level 2. HP: 15/19 MP: 2/2
   743 | D:2      | Reached skill level 6 in Stealth
   782 | D:1      | Reached XP level 3. HP: 10/24 MP: 3/3
  1207 | D:2      | Found a broken altar of Ashenzari.
  1215 | D:2      | Became a worshipper of Ashenzari the Shackled
  1621 | D:2      | Reached skill level 7 in Stealth
  1825 | D:3      | Reached XP level 4. HP: 29/29 MP: 4/4
  2746 | D:4      | Found Gurutaki's Assorted Antiques.
  2769 | D:4      | Bought a fuming dark potion for 18 gold pieces
  2769 | D:4      | Bought 2 fizzy golden potions for 36 gold pieces
  2803 | D:4      | Noticed a lemure
  2803 | D:4      | Noticed a lemure
  2804 | D:4      | Noticed a lemure
  2823 | D:4      | Killed a lemure
  3006 | D:4      | Noticed a lemure
  3007 | D:4      | Noticed Pikel
  3086 | D:4      | Killed a lemure
  3102 | D:4      | Reached * piety under Ashenzari
  3280 | D:4      | Noticed Grinder
  3281 | D:4      | Reached XP level 5. HP: 34/34 MP: 5/5
  3321 | D:4      | HP: 1/34 [hound (4)]
  3671 | D:4      | Noticed Natasha
  3679 | D:4      | Noticed a phantom
  3680 | D:4      | Killed Natasha
  3680 | D:4      | Noticed an ogre
  3681 | D:4      | Reached skill level 8 in Stealth
  3682 | D:4      | Slain by a lemure

Illustrated notes

Levels and vault maps discovered:
D:1:      dpeg_arrival_three_smaller_balls, layout_loops_ring,
          ebering_ecumenical_altar_mist
D:2:      layout_rooms, basic_altar, minmay_stone_trees_small
D:3:      layout_basic
D:4:      minmay_chambers_of_fours, layout_rooms, serial_shops, shop,
          minmay_misc_feat_alley, uniq_grinder, uniq_natasha, uniq_pikel

Skill      XL: |  1  2  3  4  5 |
---------------+----------------+-----
Stealth        | 6 7 8 |  8.0
Short Blades   | 3 |  3.1
Fighting       | |  2.3
Throwing       | |  2.4
Dodging        | |  1.0

Action                   |  1- 3 |  4- 6 || total
-------------------------+-------+-------++-------
Melee: Dagger            |    55 |    49 ||   104
       Constrict         |    13 |    12 ||    25
       Tentacles         |     6 |    10 ||    16
Throw: Dart              |     7 |    32 ||    39
Invok: Curse Item        |       |     2 ||     2
  Use: Scroll            |       |     5 ||     5
       Potion            |       |     1 ||     1
 Stab: Sleeping          |    11 |    11 ||    22
Armor: Skin              |     3 |     2 ||     5
Dodge: Dodged            |    32 |    28 ||    60
Block: Buckler           |       |     5 ||     5

Table legend: (Time is in decaauts)
 A = Elapsed time spent in this place.
 B = Non-inter-level travel time spent in this place.
 C = Inter-level travel time spent in this place.
 D = Time resting spent in this place.
 E = Time spent auto-exploring this place.
 F = Levels seen in this place.
 G = Mean time per level.
                   A        B        C        D        E       F      G
               +--------+--------+--------+--------+--------+-----+--------+
         Total |   3673 |   3564 |    109 |    688 |   2056 |   4 |  918.2 |
       Dungeon |   3673 |   3564 |    109 |    688 |   2056 |   4 |  918.2 |
               +--------+--------+--------+--------+--------+-----+--------+

Top non-repeatable levels by time:
     D:3: 1319 daAuts
     D:1: 1013 daAuts
     D:2: 720 daAuts
     D:4: 621 daAuts
